 Dungeon Crawl Stone Soup version 0.27.1-34-g3ba077fa99 (webtiles) character file.

Game seed: 5607033497179985135

35 cbfl8 the Sneak (level 3, 0/33 HPs)
             Began as a Minotaur Delver on Jan 28, 2022.
             Slain by a kobold brigand (7 damage)
             ... on level 5 of the Dungeon.
             The game lasted 00:01:01 (320 turns).

cbfl8 the Sneak (Minotaur Delver)                    Turns: 320, Time: 00:01:03

Health: 0/33       AC:  5    Str: 17    XL:     3   Next: 16%
Magic:  2/2        EV: 11    Int:  7    God:
Gold:   8          SH:  0    Dex: 11    Spells: 2/2 levels left

rFire    . . .     SeeInvis .   a - +0 hand axe
rCold    . . .     Faith    .   (no shield)
rNeg     . . .     Spirit   .   h - +0 ring mail
rPois    .         Reflect  .   (helmet restricted)
rElec    .         Harm     .   (no cloak)
rCorr    .         Rampage  .   (no gloves)
Will     .....                  (no boots)
Stlth    ++........             (no amulet)
HPRegen  0.11/turn              (no ring)
MPRegen  0.08/turn              (no ring)

@: no status effects
A: horns 2, retaliatory headbutt
a: no special abilities


You were on level 5 of the Dungeon.
You visited 1 branch of the dungeon, and saw 2 of its levels.

You collected 8 gold pieces.

Inventory:

Hand Weapons
 a - a +0 hand axe (weapon)
Armour
 b - a +0 leather armour
 h - a +0 ring mail (worn)
Wands
 g - a wand of digging (3)
Scrolls
 d - 2 scrolls of magic mapping
Potions
 f - a potion of haste


   Skills:
 + Level 3.9 Fighting
 + Level 2.5 Axes
 + Level 2.3 Dodging
 + Level 4.7 Stealth


You had 2 spell levels left.
You didn't know any spells.
Your spell library was empty.

Dungeon Overview and Level Annotations

Branches:
Dungeon (6/15)
 Temple: D:4-7

Altars:


Innate Abilities, Weirdness & Mutations

You have a pair of horns on your head.
You reflexively headbutt those who attack you in melee.


Message History

The white imp gestures at you. The puff of frost hits you.
A howler monkey zombie comes into view.
The phantom hits you.
The phantom blinks!
You blink.
The white imp misses you.
The howler monkey zombie moves out of view.
You hit the necrophage.
The necrophage is lightly damaged.
You hit the phantom. You hit the white imp but do no damage.
The phantom hits you.
The phantom blinks!
You blink.
The white imp hits you but does no damage.
The necrophage closely misses you.
There is a stone staircase leading down here.
The phantom barely misses you. The necrophage closely misses you.
You climb downwards.
The kobold shouts!
The kobold brigand shouts!
You hear a shout!
Found 14 gold pieces and a scroll of magic mapping.
There is a stone staircase leading up here.
As you read the scroll of fear, it crumbles to dust.
You assume a fearsome visage.
The kobold brigand looks frightened!
The kobold looks frightened! x2
The kobold shouts!
The kobold looks frightened!
You closely miss the kobold brigand.
Cornered, the kobold turns to fight! x3
Cornered, the kobold brigand turns to fight!
Okay, then.
Unknown command.
You can't go down here!
The kobold brigand hits you with a +0 short sword of speed.
* * * LOW HITPOINT WARNING * * *
You climb upwards.
There is a stone staircase leading down here.
As you read the scroll of fog, it crumbles to dust.
The scroll dissolves into smoke.
The kobold brigand misses you.
You hit the howler monkey zombie.
The howler monkey zombie is moderately damaged.
You hit the white imp.
You hit the kobold brigand but do no damage.
The white imp misses you.
The kobold brigand hits you with a +0 short sword of speed!
You die...

#####
###########...####
#.................
#......####...####
#§§§...##....##
#5§§...##n...#
#@K§..........
#Z#####........
#§# ....######.
#§# ....# .# #.#
.# #.# #.# #.#


You could see a kobold brigand, a white imp and a howler monkey zombie.

Vanquished Creatures
  2 hound skeletons (D:5)
  An adder (D:5)
3 creatures vanquished.

Notes
Turn   | Place    | Note
-------+----------+-------------------------------------------
     0 | D:5      | cbfl8 the Minotaur Delver began the quest for the Orb.
     0 | D:5      | Reached XP level 1. HP: 19/19 MP: 0/0
    22 | D:5      | Reached XP level 2. HP: 23/27 MP: 1/1
   191 | D:5      | Reached XP level 3. HP: 33/33 MP: 2/2
   289 | D:5      | Noticed a necrophage
   297 | D:5      | Noticed a phantom
   314 | D:6      | Noticed a kobold brigand
   320 | D:5      | Slain by a kobold brigand

Illustrated notes

Levels and vault maps discovered:
D:5:      layout_basic
D:6:      layout_basic, minmay_temple_entry_grid, abandoned_shop

Action                   || total
-------------------------++-------
Melee: Hand axe          ||    19
       Headbutt          ||     2
  Use: Scroll            ||     2
Armor: Leather armour    ||     3
       Ring mail         ||     2
Dodge: Dodged            ||    18
